 Dungeon Crawl Stone Soup version 0.23.0 (webtiles) character file.

Game seed: 14388649704615939468

471 Borgoz the Skirmisher (level 7, -2/44 HPs)
             Began as a Gargoyle Gladiator on Feb 9, 2019.
             Slain by an ogre
             ... wielding a +0 giant club
              (24 damage)
             ... on level 4 of the Dungeon.
             The game lasted 00:05:49 (3623 turns).

Borgoz the Skirmisher (Gargoyle Gladiator)          Turns: 3623, Time: 00:05:50

Health: -2/44      AC:  9    Str: 17    XL:     7   Next: 9%
Magic:  7/7        EV: 13    Int:  9    God:
Gold:   507        SH:  0    Dex: 13    Spells: 6/6 levels left

rFire    . . .     SeeInvis .   a - +0 war axe
rCold    . . .     Gourm    .   (no shield)
rNeg     + . .     Faith    .   b - +0 leather armour
rPois    ∞         Spirit   .   c - +0 helmet
rElec    +         Reflect  .   (no cloak)
rCorr    +         Harm     .   (no gloves)
MR       .....                  (no boots)
Stlth    +.........             (no amulet)
HPRegen  0.14/turn              s - ring of wizardry
MPRegen  0.10/turn              p - ring of resist corrosion

@: no status effects
A: negative energy resistance 1, electricity resistance, unbreathing,
petrification resistance, rot immunity, AC +4
a: no special abilities


You were on level 4 of the Dungeon.
You were very hungry.

You visited 1 branch of the dungeon, and saw 4 of its levels.
You also visited: Ossuary.

You collected 507 gold pieces.

Inventory:

Hand Weapons
 a - a +0 war axe (weapon)
Missiles
 d - 3 throwing nets (quivered)
Armour
 b - a +0 leather armour (worn)
 c - a +0 helmet (worn)
 i - a +0 shield
Jewellery
 p - a ring of resist corrosion (right hand)
 s - a ring of wizardry (left hand)
Scrolls
 e - 7 scrolls of identify {unknown}
 g - a scroll of fear {unknown}
 j - 3 scrolls of teleportation {unknown}
 k - 3 scrolls of remove curse {unknown}
 q - 2 scrolls of amnesia {unknown}
 r - 4 scrolls of fog {unknown}
 x - a scroll of magic mapping {unknown}
Potions
 h - a potion of berserk rage {unknown}
 l - 2 potions of curing {unknown}
 m - 2 potions of might {unknown}
 n - a potion of ambrosia {unknown}
 o - 2 potions of resistance {unknown}
 t - 5 potions of brilliance {unknown}
 u - 2 potions of cancellation {unknown}
 v - 3 potions of degeneration {unknown}
 w - a potion of invisibility {unknown}
 z - 2 potions of flight {unknown}
 A - a potion of mutation {unknown}
Comestibles
 f - 7 rations


   Skills:
 + Level 4.4 Fighting
 + Level 4.2 Axes
 - Level 1.7 Throwing
 + Level 3.6 Armour
 + Level 3.8 Dodging


You had 6 spell levels left.
You didn't know any spells.
Your spell library was empty.

Dungeon Overview and Level Annotations

Branches:
Dungeon (4/15)
 Temple: D:4-7

Altars:
Ashenzari
Fedhas
Nemelex Xobeh
Vehumet


Innate Abilities, Weirdness & Mutations

You are resistant to torment.
Your stone body is resilient. (AC +4)
You are immune to poison.
You resist negative energy. (rN+)
You are resistant to electric shocks. (rElec)
You can survive without breathing.
You are immune to petrification.
You are immune to rotting.


Message History

There is a collapsed entrance here.
An ogre comes into view. It is wielding a +0 giant club.
The ogre shouts!
You barely miss the ogre. The ogre hits you with a +0 giant club!
You hit the ogre.
The ogre is lightly wounded.
The ogre barely misses you.
You hit the ogre.
The ogre is moderately wounded.
The ogre hits you with a +0 giant club!
You are too injured to fight recklessly!
You are too injured to fight recklessly!
You are too injured to fight recklessly!
You are too injured to fight recklessly!
You hit the ogre.
The ogre is moderately wounded.
A worker ant comes into view.
The ogre hits you with a +0 giant club!!
Ouch! That really hurt!
You die...

#[8...8#.##.##.......# ###
#......##.#.##..#.##.#####.#
#...8..##.......#......>..#.
#...#####.#.##..#..#.#####.#
##.#÷###.##........#.# #.#
#.##....##.#####..#.# #.#
#.....#.##.# #....# #.#
#.#####.##.# #..#######.#
#.# #.##@# #..... #.. ..##O#
#.##.# #.# ####.. #.##.# #.#
###. #.#... #l# a. #.#.#. ..
#..... ... ####.†..#
....+........ ........#.


You could see an ogre and a worker ant (wandering).

Vanquished Creatures
  A howler monkey (D:4)
  A crimson imp (D:3)
  A hound (D:4)
  2 worker ants (D:4)
  8 mummies (Ossuary)
  Robin (D:2)
  9 adders
  An adder skeleton (D:4)
  3 worms
  A dart slug (D:2)
  4 leopard geckos
  7 orcs
  A ball python (D:3)
  A giant cockroach (D:1)
  A gnoll zombie (Ossuary)
  16 goblins
  8 hobgoblins
  7 jackals (D:4)
  12 kobolds
  3 quokkas
  8 bats
  9 frilled lizards
  3 hobgoblin zombies (Ossuary)
  4 kobold zombies (Ossuary)
  9 rats
121 creatures vanquished.

Notes
Turn   | Place    | Note
-------+----------+-------------------------------------------
     0 | D:1      | Borgoz the Gargoyle Gladiator began the quest for the Orb.
     0 | D:1      | Reached XP level 1. HP: 12/12 MP: 1/1
   138 | D:1      | Reached XP level 2. HP: 13/18 MP: 2/2
   200 | D:1      | Reached skill level 1 in Armour
   347 | D:1      | Reached XP level 3. HP: 13/22 MP: 3/3
   643 | D:2      | Reached XP level 4. HP: 23/27 MP: 4/4
  1270 | D:2      | Found a sparkling altar of Nemelex Xobeh.
  1511 | D:3      | Noticed Robin
  1609 | D:2      | Killed Robin
  1615 | D:2      | Reached XP level 5. HP: 17/32 MP: 5/5
  2339 | D:3      | Reached XP level 6. HP: 35/38 MP: 6/6
  2711 | D:4      | Found a radiant altar of Vehumet.
  2837 | D:4      | Found a blossoming altar of Fedhas.
  2838 | D:4      | Found a shattered altar of Ashenzari.
  3048 | D:4      | Found a sand-covered staircase.
  3059 | Ossuary  | Entered an ossuary
  3201 | Ossuary  | Reached XP level 7. HP: 23/44 MP: 7/7
  3623 | D:4      | Slain by an ogre

Skill      XL: |  1  2  3  4  5  6 |
---------------+-------------------+-----
Armour         | 1 2 3 |  3.6
Axes           | 3 4 |  4.2
Fighting       | 3 4 |  4.4
Dodging        | 3 |  3.8
Throwing       | |  1.7

Action                   |  1- 3 |  4- 6 |  7- 9 || total
-------------------------+-------+-------+-------++-------
Melee: War axe           |    74 |   290 |    20 ||   384
  Eat: Chunk             |       |     8 |       ||     8
Armor: Leather armour    |    37 |   128 |     1 ||   166
Dodge: Dodged            |    67 |   232 |     9 ||   308
